 Dungeon Crawl Stone Soup version 0.25-a0-668-gea548f1 (webtiles) character file.

Game seed: 142288520389930896, levelgen mode: deterministic

181 rednit the Ducker (level 5, -1/39 HPs)
             Began as a Merfolk Ice Elementalist on Mar 28, 2020.
             Killed from afar by an orc wizard (8 damage)
             ... with a magic dart
             ... on level 2 of the Dungeon.
             The game lasted 00:08:47 (2030 turns).

rednit the Ducker (Merfolk Ice Elementalist)        Turns: 2030, Time: 00:08:47

Health: -1/39      AC:  2    Str:  8    XL:     5   Next: 61%
Magic:  2/8        EV: 15    Int: 16    God:
Gold:   134        SH:  0    Dex: 14    Spells: 4/8 levels left

rFire    . . .     SeeInvis .   m - +0 dagger
rCold    . . .     Gourm    .   (no shield)
rNeg     . . .     Faith    .   a - +0 robe
rPois    .         Spirit   .   (no helmet)
rElec    .         Reflect  .   (no cloak)
rCorr    .         Harm     .   (no gloves)
MR       .....                  (no boots)
Stlth    ++........             (no amulet)
HPRegen  0.13/turn              (no ring)
MPRegen  0.11/turn              (no ring)

@: mighty
A: change form in water, swift swim, stealthy swim
a: no special abilities


You were on level 2 of the Dungeon.
You were not hungry.

You visited 1 branch of the dungeon, and saw 2 of its levels.

You collected 134 gold pieces.

Inventory:

Hand Weapons
 m - a +0 dagger (weapon)
Missiles
 d - 58 stones (quivered)
Armour
 a - a +0 robe (worn)
Jewellery
 g - an uncursed ring of resist corrosion
Scrolls
 b - a scroll of fog
 f - a scroll of immolation {unknown}
 i - 3 scrolls of identify {unknown}
 l - 2 scrolls of teleportation {unknown}
 n - a scroll of magic mapping {unknown}
 o - a scroll of blinking {unknown}
Potions
 e - 2 potions of curing
 h - a potion of flight {unknown}
 j - 3 potions of might
 k - a potion of haste {unknown}
Comestibles
 c - 4 rations


   Skills:
 + Level 2.5 Fighting
 * Level 5.5 Dodging
 - Level 2.1 Stealth
 - Level 2.0 Spellcasting
 + Level 5.3 Ice Magic


You had 4 spell levels left.
You knew the following spells:

 Your Spells              Type           Power        Failure   Level  Hunger
a - Freeze                Ice            ###.         2%          1    #......
b - Frozen Ramparts       Ice            ###...       7%          3    ###....

Your spell library contained the following spells:

 Spells                   Type           Power        Failure   Level  Hunger
 Ozocubu's Armour         Chrm/Ice       ##......     22%         3    ###....
 Hailstorm                Conj/Ice       ##......     56%         4    #####..
 Summon Ice Beast         Ice/Summ       ##......     56%         4    #####..


Dungeon Overview and Level Annotations

Branches:
Dungeon (2/15)

Altars:
Ashenzari
Vehumet


Message History

Press: ? - help, Shift-Dir - straight line, f/p - orc wizard
Aim: an orc wizard, wielding a +0 dagger and wearing a +0 robe (severely wounded, fast)
You throw a stone.
The stone closely misses the orc wizard.
The orc wizard gestures wildly while chanting.
The orc wizard blinks!
Throwing (i - inventory)
d - 60 stones (quivered)
Press: ? - help, Shift-Dir - straight line, f/p - orc wizard
Aim: an orc wizard, wielding a +0 dagger and wearing a +0 robe (severely wounded, fast)
You throw a stone. The stone barely misses the orc wizard.
The orc wizard points at you and mumbles some strange words.
The magic dart hits you!
* * * LOW HITPOINT WARNING * * *
Throwing (i - inventory)
d - 59 stones (quivered)
Press: ? - help, Shift-Dir - straight line, f/p - orc wizard
Aim: an orc wizard, wielding a +0 dagger and wearing a +0 robe (severely wounded, fast)
You throw a stone. The stone misses the orc wizard.
The orc wizard gestures at you while chanting.
The magic dart hits you!
You die...

#......# #.#.##.#
####....#.# ############
........((###...).......
####...#.......#......#
##.###ยง....)#.....##
#.#.##(.(..#....##
#.#..##....#...##
##'#...##o.@#..##.
##...[...##..#.##..
##.........######...
##...........#...#...
###......#######._.####
.)'............'...#...
###............######..
##..........##.#..#
##........## .# .#


You could see an orc wizard.

Vanquished Creatures
  An orc warrior (D:2)
  Jessica (D:2)
  2 adders (D:2)
  An ooze (D:2)
  A dart slug (D:1)
  A leopard gecko (D:1)
  2 orcs (D:2)
  2 ball pythons
  2 giant cockroaches
  3 hobgoblins
  3 jackals (D:2)
  A quokka (D:2)
  5 bats
  7 frilled lizards
  A goblin (D:1)
  5 kobolds
  5 rats
43 creatures vanquished.

Notes
Turn   | Place    | Note
-------+----------+-------------------------------------------
     0 | D:1      | rednit the Merfolk Ice Elementalist began the quest for the
                  | Orb.
     0 | D:1      | Reached XP level 1. HP: 13/13 MP: 3/3
   330 | D:1      | Reached XP level 2. HP: 16/20 MP: 0/5
   916 | D:1      | Reached skill level 1 in Fighting
  1176 | D:2      | Reached XP level 3. HP: 25/26 MP: 0/6
  1189 | D:2      | Learned a level 3 spell: Frozen Ramparts
  1406 | D:2      | Noticed Jessica
  1410 | D:2      | Killed Jessica
  1410 | D:2      | Reached XP level 4. HP: 31/33 MP: 0/7
  1711 | D:2      | Found a radiant altar of Vehumet.
  1886 | D:2      | Reached skill level 5 in Ice Magic
  1954 | D:2      | Found a shattered altar of Ashenzari.
  2000 | D:2      | Noticed an orc warrior
  2015 | D:2      | Killed an orc warrior
  2015 | D:2      | Reached skill level 5 in Dodging
  2015 | D:2      | Reached XP level 5. HP: 11/39 MP: 0/8
  2030 | D:2      | Killed from afar by an orc wizard

Levels and vault maps discovered:
D:1:      minmay_arrival_shattered_statue, layout_loops_ring, fountainhead,
          minmay_3d_cube
D:2:      layout_loops_corners, vehumet_crystals, nicolae_ashenzari_panopticon,
          uniq_jessica

Skill      XL: |  1  2  3  4 |
---------------+-------------+-----
Dodging        | 3 4 5 |  5.5
Fighting       | 1 2 |  2.5
Ice Magic      | 5 |  5.3
Stealth        | |  2.1
Spellcasting   | |  2.0

Action                   |  1- 3 |  4- 6 || total
-------------------------+-------+-------++-------
Melee: Unarmed           |     3 |       ||     3
       Dagger            |     5 |    20 ||    25
Throw: Stone             |     7 |    12 ||    19
 Cast: Freeze            |    36 |     6 ||    42
       Frozen Ramparts   |     3 |     5 ||     8
  Use: Scroll            |     1 |       ||     1
       Potion            |       |     2 ||     2
  Eat: Chunk             |     2 |     3 ||     5
Armor: Robe              |     6 |     3 ||     9
Dodge: Dodged            |    19 |    25 ||    44

Table legend:
 A = Non-vault XP
 B = Vault XP
 C = Vault XP percentage of total XP
 D = Non-vault monster count
 E = Vault monster count
 F = Vault count percentage of total count
                 A         B        C        D         E       F
            +---------+---------+-------+---------+---------+-------
      Total |     217 |      42 |  16.2 |      38 |       5 |  11.6
            +---------+---------+-------+---------+---------+-------
        D:1 |      24 |       5 |  17.2 |      16 |       4 |  20.0
        D:2 |     193 |      37 |  16.1 |      22 |       1 |   4.3
            +---------+---------+-------+---------+---------+-------
